General information
- name: BNet
- type: Ladder team game (AT/RT)
- host: Battle.net
- saver: OooOooOooDooDOO
map: Deathknell
- players: 8
- length: 25:12
- speed: Fast
- version: 1.28 W3XP
- replay type: Public
» download(275 KB)
Players
team 1 (winner)

»
MSIA (
blue | 117 APM | 2598 actions | 22:11)
5 Tauren Chieftain
2 Endurance Aura
3 War Stomp
4 Naga Sea Witch
2 Frost Arrows
2 Forked Lightning
» actions
| Assign group hotkey | 19 | |
| Basic commands | 172 | |
| Build / train | 74 | |
| ESC pressed | 2 | |
| Enter build submenu | 12 | |
| Enter hero's abilities submenu | 9 | |
| Give item / drop item | 1 | |
| Remove unit from queue | 1 | |
| Right click | 752 | |
| Select / deselect | 491 | |
| Select group hotkey | 1012 | |
| Use ability | 53 | |
2598 total
» units
| Peon | 9 | |
| Troll Headhunter/Berserker | 18 | |
| Troll Witch Doctor | 4 | |
31 total
» upgrades
| Troll Regeneration | 1 | |
| Ranged Weapons | 3 | |
| Berserker Upgrade | 1 | |
| Witch Doctor Training | 2 | |
| Armor | 2 | |
9 total
» buildings
| Orc Burrow | 5 | |
| War Mill | 1 | |
| Altar of Storms | 1 | |
| Barracks | 1 | |
| Voodoo Lounge | 1 | |
| Stronghold | 3 | |
| Fortress | 1 | |
| Spirit Lodge | 2 | |
15 total
» build order
00:19 Orc Burrow
00:34 War Mill
01:04 Altar of Storms
01:18 Barracks
01:48 Orc Burrow
02:04 Voodoo Lounge
02:55 Stronghold
02:55 Stronghold
02:55 Stronghold
03:39 Orc Burrow
05:25 Fortress
06:46 Spirit Lodge
06:49 Spirit Lodge
07:43 Orc Burrow
15:33 Orc Burrow
» items
| Healing Salve | 2 | |
| Scroll of Speed | 1 | |
| Scroll of Town Portal | 1 | |
| Orb of Lightning | 1 | |
| Tiny Great Hall | 1 | |
6 total
OooOooOooDooDOO (
purple | 76 APM | 1922 actions | 25:12)
7 Archmage
3 Summon Water Elemental
3 Brilliance Aura
1 Mass Teleport
» actions
| Assign group hotkey | 115 | |
| Basic commands | 72 | |
| Build / train | 80 | |
| Enter build submenu | 42 | |
| Enter hero's abilities submenu | 7 | |
| Give item / drop item | 3 | |
| Right click | 714 | |
| Select / deselect | 412 | |
| Select group hotkey | 326 | |
| Use ability | 151 | |
1922 total
» units
| Peasant | 12 | |
| Footman | 6 | |
| Goblin Shredder | 1 | |
| Gryphon Rider | 9 | |
| Dragonhawk Rider | 2 | |
| Goblin Zeppelin | 2 | |
| Goblin Sapper | 8 | |
40 total
» upgrades
| Masonry | 3 | |
| Swords | 3 | |
| Armor | 3 | |
| Animal War Training | 1 | |
| Storm Hammers | 1 | |
| Cloud | 1 | |
12 total
» buildings
| Altar of Kings | 1 | |
| Barracks | 1 | |
| Farm | 10 | |
| Scout Tower | 21 | |
| Arcane Tower | 1 | |
| Keep | 1 | |
| Arcane Vault | 1 | |
| Town Hall | 1 | |
| Lumber Mill | 1 | |
| Guard Tower | 7 | |
| Castle | 1 | |
| Blacksmith | 2 | |
| Gryphon Aviary | 4 | |
52 total
» build order
00:38 Altar of Kings
00:39 Barracks
00:50 Farm
00:51 Farm
01:04 Farm
01:05 Farm
01:48 Scout Tower
02:27 Arcane Tower
04:08 Keep
04:34 Arcane Vault
04:38 Town Hall
05:04 Lumber Mill
05:08 Scout Tower
05:13 Scout Tower
05:16 Scout Tower
05:20 Scout Tower
06:38 Guard Tower
06:40 Castle
06:57 Blacksmith
06:59 Blacksmith
07:02 Farm
08:06 Gryphon Aviary
08:06 Gryphon Aviary
08:07 Gryphon Aviary
08:10 Gryphon Aviary
09:04 Scout Tower
09:05 Scout Tower
09:07 Scout Tower
09:09 Scout Tower
10:40 Guard Tower
11:42 Guard Tower
12:28 Guard Tower
14:20 Farm
14:20 Farm
14:21 Farm
14:22 Farm
14:23 Farm
14:26 Guard Tower
14:28 Scout Tower
14:29 Scout Tower
14:32 Scout Tower
14:34 Scout Tower
14:35 Scout Tower
22:01 Guard Tower
22:12 Scout Tower
22:12 Scout Tower
22:13 Scout Tower
22:14 Scout Tower
22:16 Scout Tower
22:16 Scout Tower
22:16 Scout Tower
24:07 Guard Tower
» items
| Scroll of Regeneration | 3 | |
| Mechanical Critter | 2 | |
| Scroll of Town Portal | 2 | |
| Orb of Corruption | 1 | |
| Scroll of Healing | 1 | |
| Potion of Healing | 1 | |
10 total
OoOOdOOOooOOOOO (
orange | 100 APM | 2516 actions | 25:12)
3 Archmage
2 Summon Water Elemental
1 Brilliance Aura
2 Mountain King
1 Storm Bolt
1 Bash
» actions
| Assign group hotkey | 99 | |
| Basic commands | 146 | |
| Build / train | 127 | |
| ESC pressed | 9 | |
| Enter build submenu | 34 | |
| Enter hero's abilities submenu | 5 | |
| Give item / drop item | 9 | |
| Right click | 892 | |
| Select / deselect | 389 | |
| Select group hotkey | 610 | |
| Use ability | 196 | |
2516 total
» units
| Peasant | 14 | |
| Footman | 3 | |
| Rifleman | 6 | |
| Goblin Shredder | 2 | |
| Spell Breaker | 1 | |
| Priest | 3 | |
| Goblin Sapper | 2 | |
| Gryphon Rider | 1 | |
| Dragonhawk Rider | 3 | |
35 total
» upgrades
| Gunpowder | 3 | |
| Armor | 5 | |
| Long Rifles | 1 | |
| Masonry | 5 | |
| Priest Training | 2 | |
| Lumber Harvesting | 1 | |
| Storm Hammers | 1 | |
| Cloud | 1 | |
| Animal War Training | 1 | |
| Swords | 3 | |
| Sorceress Training | 2 | |
| Plating | 1 | |
26 total
» buildings
| Altar of Kings | 1 | |
| Farm | 11 | |
| Barracks | 1 | |
| Arcane Vault | 1 | |
| Blacksmith | 1 | |
| Keep | 2 | |
| Town Hall | 2 | |
| Scout Tower | 7 | |
| Lumber Mill | 1 | |
| Guard Tower | 14 | |
| Arcane Sanctum | 1 | |
| Castle | 2 | |
| Gryphon Aviary | 3 | |
47 total
» build order
00:54 Altar of Kings
00:58 Farm
01:02 Farm
01:07 Farm
01:11 Barracks
02:06 Arcane Vault
02:14 Farm
02:30 Blacksmith
02:38 Farm
04:07 Keep
04:07 Keep
06:57 Farm
07:44 Town Hall
07:46 Scout Tower
07:47 Scout Tower
07:53 Scout Tower
09:32 Lumber Mill
10:03 Guard Tower
10:03 Guard Tower
10:03 Guard Tower
10:35 Arcane Sanctum
11:09 Guard Tower
11:09 Guard Tower
11:10 Guard Tower
11:10 Guard Tower
11:11 Guard Tower
11:17 Guard Tower
11:17 Guard Tower
11:17 Guard Tower
11:53 Town Hall
12:09 Guard Tower
12:09 Guard Tower
12:09 Guard Tower
13:13 Castle
13:13 Castle
14:40 Scout Tower
14:41 Scout Tower
14:42 Scout Tower
14:46 Scout Tower
15:45 Gryphon Aviary
15:46 Gryphon Aviary
15:50 Gryphon Aviary
16:59 Farm
17:08 Farm
17:13 Farm
18:40 Farm
18:43 Farm
» items
| Mechanical Critter | 5 | |
| Scroll of Regeneration | 4 | |
| Ivory Tower | 5 | |
| Scroll of Town Portal | 3 | |
| Potion of Healing | 2 | |
| Staff of Sanctuary | 1 | |
| Orb of Fire | 1 | |
21 total
zerzeros (
red | 69 APM | 1628 actions | 23:40)
6 Death Knight
3 Death Coil
2 Unholy Aura
1 Animate Dead
» actions
| Assign group hotkey | 52 | |
| Basic commands | 151 | |
| Build / train | 70 | |
| ESC pressed | 4 | |
| Enter build submenu | 37 | |
| Enter hero's abilities submenu | 6 | |
| Right click | 572 | |
| Select / deselect | 229 | |
| Select group hotkey | 431 | |
| Use ability | 76 | |
1628 total
» units
| Acolyte | 13 | |
| Ghoul | 17 | |
| Obsidian Statue | 2 | |
| Frost Wyrm | 4 | |
| Gargoyle | 4 | |
40 total
» upgrades
| Cannibalize | 1 | |
| Unholy Strength | 3 | |
| Unholy Armor | 1 | |
| Ghoul Frenzy | 1 | |
| Creature Attack | 2 | |
| Creature Carapace | 2 | |
| Freezing Breath | 1 | |
11 total
» buildings
| Altar of Darkness | 1 | |
| Crypt | 2 | |
| Ziggurat | 13 | |
| Halls of the Dead | 1 | |
| Tomb of Relics | 1 | |
| Graveyard | 2 | |
| Nerubian Tower | 2 | |
| Spirit Tower | 6 | |
| Sacrificial Pit | 1 | |
| Black Citadel | 1 | |
| Slaughterhouse | 2 | |
| Necropolis | 1 | |
| Boneyard | 2 | |
35 total
» build order
00:08 Altar of Darkness
00:10 Crypt
00:34 Ziggurat
01:08 Crypt
01:33 Ziggurat
03:12 Ziggurat
05:26 Halls of the Dead
05:38 Ziggurat
05:52 Tomb of Relics
05:57 Graveyard
06:23 Ziggurat
06:24 Ziggurat
06:50 Graveyard
06:58 Nerubian Tower
07:21 Spirit Tower
07:22 Spirit Tower
08:07 Sacrificial Pit
08:11 Black Citadel
08:40 Spirit Tower
08:41 Spirit Tower
08:42 Nerubian Tower
08:56 Slaughterhouse
08:58 Necropolis
09:01 Slaughterhouse
11:05 Boneyard
11:07 Boneyard
12:46 Ziggurat
12:47 Ziggurat
14:03 Spirit Tower
14:03 Spirit Tower
21:07 Ziggurat
21:55 Ziggurat
21:56 Ziggurat
21:58 Ziggurat
22:01 Ziggurat
» items
| Rod of Necromancy | 1 | |
| Potion of Mana | 1 | |
2 total
team 2 (loser)
mack. (
pink | 79 APM | 1307 actions | 16:38)
4 Warden
2 Shadow Strike
2 Blink
3 Priestess of the Moon
2 Trueshot Aura
1 Searing Arrows
» actions
| Assign group hotkey | 37 | |
| Basic commands | 14 | |
| Build / train | 56 | |
| Enter build submenu | 33 | |
| Enter hero's abilities submenu | 7 | |
| Give item / drop item | 1 | |
| Remove unit from queue | 4 | |
| Right click | 581 | |
| Select / deselect | 391 | |
| Select group hotkey | 130 | |
| Use ability | 53 | |
1307 total
» units
| Wisp | 16 | |
| Archer | 4 | |
| Huntress | 2 | |
| Dryad | 6 | |
| Goblin Shredder | 2 | |
| Hippogryph | 4 | |
| Chimaera | 1 | |
35 total
» upgrades
| Abolish Magic | 1 | |
| Well Spring | 1 | |
| Nature's Blessing | 1 | |
| Strength of the Wild | 2 | |
| Reinforced Hides | 1 | |
6 total
» buildings
| Altar of Elders | 1 | |
| Moon Well | 7 | |
| Ancient of War | 1 | |
| Tree of Ages | 1 | |
| Hunter's Hall | 2 | |
| Ancient of Lore | 2 | |
| Tree of Eternity | 1 | |
| Tree of Life | 1 | |
| Ancient of Wind | 4 | |
| Ancient Protector | 1 | |
| Chimaera Roost | 2 | |
23 total
» build order
00:04 Altar of Elders
00:19 Moon Well
00:35 Ancient of War
01:31 Moon Well
02:42 Tree of Ages
03:07 Moon Well
03:16 Hunter's Hall
03:50 Moon Well
04:31 Moon Well
05:05 Ancient of Lore
06:19 Tree of Eternity
06:48 Ancient of Lore
07:54 Tree of Life
09:03 Ancient of Wind
09:15 Moon Well
10:42 Ancient Protector
11:43 Moon Well
11:51 Ancient of Wind
11:55 Hunter's Hall
12:22 Ancient of Wind
13:14 Ancient of Wind
14:05 Chimaera Roost
15:16 Chimaera Roost

»
BaronVonNegro (
yellow | 116 APM | 1768 actions | 15:13)
3 Tauren Chieftain
2 War Stomp
1 Endurance Aura
» actions
| Assign group hotkey | 200 | |
| Basic commands | 54 | |
| Build / train | 44 | |
| Enter build submenu | 17 | |
| Enter hero's abilities submenu | 3 | |
| Right click | 696 | |
| Select / deselect | 272 | |
| Select group hotkey | 411 | |
| Use ability | 71 | |
1768 total
» units
| Peon | 7 | |
| Grunt | 3 | |
| Demolisher | 8 | |
| Kodo Beast | 2 | |
20 total
» upgrades
» buildings
| Altar of Storms | 1 | |
| Orc Burrow | 8 | |
| Barracks | 2 | |
| Stronghold | 1 | |
| War Mill | 1 | |
| Voodoo Lounge | 1 | |
| Beastiary | 3 | |
| Fortress | 1 | |
18 total
» build order
00:14 Altar of Storms
00:23 Orc Burrow
00:35 Barracks
01:35 Orc Burrow
02:31 Stronghold
03:00 War Mill
03:16 Barracks
03:36 Orc Burrow
03:54 Voodoo Lounge
04:35 Orc Burrow
05:33 Beastiary
05:36 Beastiary
05:43 Beastiary
07:49 Orc Burrow
10:53 Fortress
14:53 Orc Burrow
14:56 Orc Burrow
15:04 Orc Burrow
» items
| Potion of Healing | 4 | |
| Healing Salve | 4 | |
| Lesser Clarity Potion | 2 | |
| Scroll of Speed | 3 | |
| Potion of Mana | 1 | |
| Scroll of Town Portal | 1 | |
15 total
MONSTERHUNTER. (
green | 70 APM | 1762 actions | 25:11)
5 Blademaster
3 Wind Walk
2 Critical Strike
» actions
| Assign group hotkey | 36 | |
| Basic commands | 50 | |
| Build / train | 70 | |
| Enter build submenu | 26 | |
| Enter hero's abilities submenu | 5 | |
| Give item / drop item | 3 | |
| Remove unit from queue | 1 | |
| Right click | 716 | |
| Select / deselect | 242 | |
| Select group hotkey | 514 | |
| Use ability | 99 | |
1762 total
» units
| Peon | 13 | |
| Grunt | 5 | |
| Goblin Shredder | 3 | |
| Wind Rider | 3 | |
| Goblin Zeppelin | 1 | |
| Goblin Sapper | 3 | |
| Troll Batrider | 8 | |
| Hippogryph | 7 | |
43 total
» upgrades
| Ranged Weapons | 3 | |
| Armor | 2 | |
| Reinforced Defenses | 1 | |
| Liquid Fire | 1 | |
7 total
» buildings
| Altar of Storms | 1 | |
| Orc Burrow | 7 | |
| Barracks | 1 | |
| Voodoo Lounge | 1 | |
| Stronghold | 2 | |
| Great Hall | 2 | |
| War Mill | 1 | |
| Fortress | 2 | |
| Beastiary | 3 | |
| Watch Tower | 27 | |
47 total
» build order
00:07 Altar of Storms
00:17 Orc Burrow
00:35 Barracks
01:24 Orc Burrow
01:54 Voodoo Lounge
03:22 Orc Burrow
03:41 Stronghold
03:42 Stronghold
04:09 Orc Burrow
04:37 Great Hall
05:34 War Mill
06:44 Orc Burrow
06:44 Orc Burrow
07:48 Fortress
07:48 Fortress
07:51 Beastiary
07:53 Beastiary
08:46 Beastiary
10:13 Watch Tower
10:13 Watch Tower
10:14 Watch Tower
10:14 Watch Tower
10:15 Watch Tower
10:40 Watch Tower
10:40 Watch Tower
10:41 Watch Tower
10:42 Watch Tower
10:43 Watch Tower
11:36 Watch Tower
11:37 Watch Tower
11:37 Watch Tower
11:37 Watch Tower
12:40 Orc Burrow
13:15 Watch Tower
15:24 Great Hall
15:26 Watch Tower
15:26 Watch Tower
15:27 Watch Tower
15:27 Watch Tower
15:27 Watch Tower
16:40 Watch Tower
16:41 Watch Tower
16:52 Watch Tower
17:52 Watch Tower
17:52 Watch Tower
17:53 Watch Tower
18:01 Watch Tower
» items
| Healing Salve | 4 | |
| Orb of Lightning | 1 | |
| Scroll of Town Portal | 2 | |
| Potion of Mana | 1 | |
8 total
Grimreaper83 (
teal | 36 APM | 555 actions | 15:17)
1 Tauren Chieftain
1 Endurance Aura
» actions
| Assign group hotkey | 7 | |
| Build / train | 41 | |
| Enter build submenu | 22 | |
| Enter hero's abilities submenu | 1 | |
| Right click | 190 | |
| Select / deselect | 180 | |
| Select group hotkey | 51 | |
| Use ability | 63 | |
555 total
» units
| Peon | 10 | |
| Raider | 10 | |
| Troll Batrider | 3 | |
23 total
» upgrades
| Melee Weapons | 2 | |
| Armor | 2 | |
| Spiked Barricades | 1 | |
| Pillage | 1 | |
| Ensnare | 1 | |
| Ranged Weapons | 1 | |
| Reinforced Defenses | 1 | |
9 total
» buildings
| Orc Burrow | 4 | |
| War Mill | 1 | |
| Altar of Storms | 1 | |
| Stronghold | 1 | |
| Voodoo Lounge | 2 | |
| Watch Tower | 8 | |
| Beastiary | 3 | |
| Fortress | 1 | |
21 total
» build order
00:10 Orc Burrow
00:14 War Mill
01:01 Altar of Storms
01:47 Orc Burrow
02:36 Stronghold
02:41 Voodoo Lounge
02:47 Watch Tower
03:48 Watch Tower
04:11 Orc Burrow
04:58 Watch Tower
05:08 Beastiary
05:13 Beastiary
05:41 Beastiary
05:59 Orc Burrow
10:14 Fortress
10:22 Watch Tower
10:28 Watch Tower
14:10 Watch Tower
14:13 Watch Tower
14:20 Voodoo Lounge
14:23 Watch Tower
» items
| Scroll of Speed | 1 | |
| Healing Salve | 2 | |
| Potion of Healing | 1 | |
4 total
Chat log
(02:00 / All) OooOooOooDooDOO: SAY ULL REMEMBER
(02:04 / All) OooOooOooDooDOO: STANDING IN A NICE DRESS
(02:06 / All) OooOooOooDooDOO: STARING AT THE SUNSET BABE
(02:10 / All) OooOooOooDooDOO: RED LIPS AND ROSY CHEEKS
(02:13 / All) OooOooOooDooDOO: SAY U SEE ME AGAIN
(02:18 / All) OooOooOooDooDOO: EVEN IF ITS JUST IN UR WILDEST DREAMS UHUHUUH
(02:29 / All) BaronVonNegro: untiss untiss untiss
(03:51 / Allies) OooOooOooDooDOO: wood
(04:46 / Allies) OooOooOooDooDOO: lumber please gentlement
(04:55 / Allies) MSIA: good
(05:11 / Allies) OooOooOooDooDOO: ty sir
(08:02 / Allies) OoOOdOOOooOOOOO: lumber me
(08:20 / Allies) OoOOdOOOooOOOOO: lumber me
(08:23 / Allies) MSIA: gold me
(08:37 / Allies) MSIA: gold me
(09:37 / Allies) OooOooOooDooDOO: repair
(09:38 / Allies) OooOooOooDooDOO: repair
(09:38 / Allies) OooOooOooDooDOO: reapir
(10:11 / Allies) MSIA: lumber me
(10:19 / Allies) MSIA: asap
(10:21 / Allies) OoOOdOOOooOOOOO: lumber me instead
(11:17 / Allies) OooOooOooDooDOO: charge
(11:18 / Allies) OooOooOooDooDOO: rahowa
(11:51 / Allies) OoOOdOOOooOOOOO: move your fucking dk
(12:34 / Allies) OooOooOooDooDOO: hit top with me red
(13:57 / Allies) OooOooOooDooDOO: out
(14:49 / All) BaronVonNegro: lag help retard blue :D
(15:11 / All) BaronVonNegro: that and my mongoloid allies
(15:14 / Allies) OoOOdOOOooOOOOO: lol
(15:23 / All) OoOOdOOOooOOOOO: wow
(15:24 / All) OooOooOooDooDOO: pussies lol
(15:33 / All) OooOooOooDooDOO: harass wannabes
(16:10 / Allies) MSIA: oj
(16:11 / Allies) MSIA: help
(16:11 / Allies) MSIA: me
(16:13 / Allies) MSIA: i dont have tp
(16:17 / Allies) MSIA: hgelp
(16:19 / Allies) OooOooOooDooDOO: bad luck
(16:19 / Allies) MSIA: oj
(16:24 / Allies) OoOOdOOOooOOOOO: give me all your resources
(16:26 / Allies) OoOOdOOOooOOOOO: and I will tp
(16:26 / Allies) MSIA: its ok
(16:33 / Allies) MSIA: tp first
(16:36 / Allies) MSIA: then i'll give you all
(16:36 / All) mack.: gg
(16:44 / Allies) OoOOdOOOooOOOOO: if your resources aren't worth your base then no tp
(16:53 / Allies) MSIA: lol
(16:56 / Allies) MSIA: its true
(20:32 / All) MONSTERHUNTER.: gay
(20:35 / All) MSIA: lol
(20:40 / All) MSIA: I WON
(20:45 / All) OoOOdOOOooOOOOO: No you didn't
(20:47 / Allies) zerzeros: PURPLE LETS KILL HIS EXPANSION
(20:51 / All) MSIA: I WON!!!!!!!!!!!!!!!!!!!!!!!!
(20:54 / All) OoOOdOOOooOOOOO: nope
(20:59 / All) MSIA: YES!!!!!!!!!!!!!!!
(21:01 / All) OoOOdOOOooOOOOO: nah
(21:26 / Allies) zerzeros: WTF PURPL
(21:39 / Allies) zerzeros: why
(22:00 / All) MONSTERHUNTER.: i win
(22:04 / All) MSIA: NOOOO!!!!!!
(22:10 / All) MSIA: ITS GG
(22:42 / All) zerzeros: wtf
(23:15 / Allies) OoOOdOOOooOOOOO: you lose red
(23:18 / All) zerzeros: gay
(23:20 / Allies) OoOOdOOOooOOOOO: me purp and green were in this together
(23:24 / All) OooOooOooDooDOO: RAPED
(23:25 / Allies) OoOOdOOOooOOOOO: leave now you get a tie, stay you get a loss
(23:59 / All) OooOooOooDooDOO: orc harass losers lose
(24:28 / All) OoOOdOOOooOOOOO: jake your team lose